 Dungeon Crawl Stone Soup version 0.18.1-50-g88ac8fd (webtiles) character file.

921 striepan the Firebug (level 7, -1/36 HPs)
             Began as a Deep Elf Fire Elementalist on Oct 6, 2016.
             Was an Initiate of Vehumet.
             Slain by Pikel
             ... wielding a +2 whip of flaming
              (2 damage)
             ... on level 4 of the Dungeon.
             The game lasted 00:40:18 (4709 turns).

striepan the Firebug (Deep Elf Fire Elementalist)   Turns: 4709, Time: 00:40:19

Health: -1/36      AC:  9    Str:  5    XL:     7   Next: 84%
Magic:  0/13       EV: 13    Int: 22    God:    Vehumet [......]
Gold:   146        SH:  0    Dex: 15    Spells: 3 memorised, 6 levels left

rFire  . . .     SeeInvis .     s - +2 flail (protect)
rCold  . . .     Gourm    .     a - +1 robe
rNeg   . . .     Faith    .     (no shield)
rPois  .         Spirit   .     (no helmet)
rElec  .         Dismiss  .     r - +0 cloak
rCorr  .         Reflect  .     (no gloves)
SustAt .         Harm     .     (no boots)
MR     .....                    (no amulet)
Stlth  ++........               (no ring)
                                t - ring of wizardry

@: not resistant to hostile enchantments, unstealthy
A: no striking features
a: Renounce Religion


You were on level 4 of the Dungeon.
You worshipped Vehumet.
Vehumet was noncommittal.
You were not hungry.

You visited 2 branches of the dungeon, and saw 5 of its levels.

You collected 146 gold pieces.

Inventory:

Hand Weapons
 g - a +0 dagger
 o - a +1 whip of venom
 s - a +2 flail of protection (weapon)
 A - a +0 blowgun
 B - a +0 whip
Missiles
 y - 58 poisoned needles
Armour
 a - a +1 robe (worn)
 r - a +0 cloak (worn)
Jewellery
 p - an uncursed ring of stealth
 t - a ring of wizardry (left hand)
Wands
 u - a wand of acid (8/15)
 C - a wand of lightning (3/15)
Scrolls
 d - a scroll of teleportation
 e - 4 scrolls of identify
 l - a scroll of amnesia
 q - a scroll of enchant armour
 x - a scroll of remove curse
Potions
 f - a potion of degeneration
 h - 2 potions of flight
 j - a potion of heal wounds {unknown}
 k - 3 potions of haste
 n - a potion of lignification {unknown}
 w - a potion of magic {unknown}
 z - 2 potions of curing {unknown}
 D - 2 potions of cancellation {unknown}
Books
 b - a book of Flames

   Spells                             Type                      Level
   a - Flame Tongue                   Conjuration/Fire             1
   b - Throw Flame                    Conjuration/Fire             2
   c - Conjure Flame                  Conjuration/Fire             3
   d - Inner Flame                    Hexes/Fire                   3
   e - Sticky Flame                   Conjuration/Fire             4
   f - Fireball                       Conjuration/Fire             5
Comestibles
 c - 4 bread rations
 i - a royal jelly
 m - 2 meat rations
 v - 4 fruits
 E - 2 chunks of flesh


   Skills:
 - Level 2.4 Dodging
 - Level 2.4 Stealth
 - Level 3.0 Spellcasting
 - Level 7.0 Conjurations
 + Level 7.7 Fire Magic


You had 6 spell levels left.
You knew the following spells:

 Your Spells              Type           Power        Failure   Level  Hunger
a - Flame Tongue          Conj/Fire      #####        1%          1    None
b - Throw Flame           Conj/Fire      #####.       1%          2    ##.....
c - Conjure Flame         Conj/Fire      #####...     1%          3    ###....


Dungeon Overview and Level Annotations

Branches:
Dungeon (4/15)             Temple (1/1) D:4

Altars:
Ashenzari
Cheibriados
Elyvilon
Gozag
Kikubaaqudgha
Nemelex Xobeh
Pakellas
Ru
Sif Muna
Trog
Vehumet
Xom
Zin
The Shining One

Annotations:
D:4 Pikel


Message History

Pikel burns you.
* * * LOW HITPOINT WARNING * * *
Casting: Flame Tongue
Confirm with . or Enter, or press ? or * to list all spells.
Aiming: Flame Tongue
Press: ? - help, Shift-Dir - straight line, f/p - Pikel
Aim: Pikel, wielding a whip of flaming and wearing a robe (severely wounded, fast)
The flame tongue hits Pikel.
Pikel is almost dead.
Pikel hits you with a whip of flaming.
* * * LOW HITPOINT WARNING * * *
Pikel burns you.
* * * LOW HITPOINT WARNING * * *
Casting: Flame Tongue
Confirm with . or Enter, or press ? or * to list all spells.
Aiming: Flame Tongue
Press: ? - help, Shift-Dir - straight line, f/p - Pikel
Aim: Pikel, wielding a whip of flaming and wearing a robe (almost dead, fast)
The flame tongue misses Pikel.
Pikel hits you with a whip of flaming.
You die...

.#.......#.....#####........#
.'.......#.....'...#........#
.#.......#.....#...#).......#
.#.......#.....#...#........#
.###'##..#.....##'##........#
.#...##..#.....#...#........#
.#.......#.....#...#........#
.#.......#.....#.###........#
.#.....<.#....##@############
.#....#..#....#..K.......,,*
.#..######....#..........,,*
.#...# #....#..........,,*
.#...# #....'......##..,,*
.#...# #....########*,,,,*
.##### #...[...# **,,,,*
†....# #.......# *,,,,,*
.....# #...<...# *,,,,,*


You could see Pikel.

Vanquished Creatures
  Sigmund (D:4)
  Menkaure (D:4)
  4 slaves (D:4)
  A sky beast (D:3)
  2 scorpions (D:4)
  A hound (D:4)
  2 orc priests
  An iguana (D:4)
  2 worker ants (D:4)
  Terence (D:2)
  4 orc wizards
  3 gnolls (D:3)
  3 adders
  An ooze (D:4)
  2 worms (D:2)
  3 dart slugs
  9 orcs
  9 bats
  5 giant cockroaches
  10 goblins
  9 hobgoblins
  3 jackals (D:1)
  12 kobolds
  5 quokkas
  7 giant newts
  A jackal skeleton (D:4)
  2 quokka skeletons (D:4)
  8 rats
112 creatures vanquished.

Notes
Turn   | Place    | Note
--------------------------------------------------------------
     0 | D:1      | striepan the Deep Elf Fire Elementalist began the quest for the Orb.
     0 | D:1      | Reached XP level 1. HP: 10/10 MP: 6/6
   198 | D:1      | Reached XP level 2. HP: 15/15 MP: 6/8
   853 | D:1      | Learned a level 2 spell: Throw Flame
   927 | D:1      | Reached XP level 3. HP: 6/19 MP: 0/9
  1218 | D:2      | Found a faded altar to an unknown god.
  1227 | D:2      | Learned a level 3 spell: Conjure Flame
  1290 | D:2      | Noticed Terence
  1600 | D:2      | Reached XP level 4. HP: 24/24 MP: 4/10
  2012 | D:3      | Noticed a sky beast
  2034 | D:3      | Killed a sky beast
  2034 | D:3      | Reached skill level 5 in Fire Magic
  2034 | D:3      | Reached XP level 5. HP: 3/28 MP: 0/11
  2504 | D:3      | Found a glowing silver altar of Zin.
  2623 | D:3      | Reached XP level 6. HP: 32/32 MP: 8/12
  2975 | D:4      | Reached skill level 5 in Conjurations
  3098 | D:4      | Found a deep blue altar of Sif Muna.
  3191 | D:4      | Noticed a slave
  3192 | D:4      | Noticed a slave
  3192 | D:4      | Noticed a slave
  3193 | D:4      | Noticed a slave
  3262 | D:4      | Noticed Sigmund
  3270 | D:4      | Killed Sigmund
  3270 | D:4      | Reached XP level 7. HP: 35/36 MP: 6/13
  3947 | D:2      | Killed Terence
  4108 | D:4      | Found a staircase to the Ecumenical Temple.
  4118 | Temple   | Entered the Ecumenical Temple
  4178 | Temple   | Became a worshipper of Vehumet
  4258 | D:4      | Noticed Menkaure
  4262 | D:4      | Killed Menkaure
  4263 | D:4      | Found an oddly glowing altar of Pakellas.
  4695 | D:4      | Noticed Pikel
  4708 | D:4      | HP: 1/36 [Pikel/whip of flaming (1)]
  4709 | D:4      | Slain by Pikel

Skill      XL: |  1  2  3  4  5  6  7 |
---------------+----------------------+-----
Conjurations   | 2 3 4 6 7 |  7.0
Fire Magic     | 4 5 6 7 |  7.7
Dodging        | |  2.4
Stealth        | |  2.4
Spellcasting   | |  3.0

Action                   |  1- 3 |  4- 6 |  7- 9 || total
-------------------------+-------+-------+-------++-------
Melee: Dagger            |     5 |       |       ||     5
       Flail             |       |       |    12 ||    12
 Cast: Flame Tongue      |    72 |    94 |    98 ||   264
       Throw Flame       |     1 |     2 |       ||     3
       Conjure Flame     |       |       |     1 ||     1
  Use: Scroll            |     3 |     1 |     6 ||    10
  Eat: Chunk             |     2 |     2 |     4 ||     8
       Beef jerky        |       |     1 |     1 ||     2
Armor: Robe              |     3 |    13 |    10 ||    26
Dodge: Dodged            |    26 |    18 |    31 ||    75
